 Dungeon Sprint DCSS version 0.29-a0-284-gf9362112df (webtiles) character file.

Game seed: 10733452026582763614

4141 mhtbhm the Impaler (level 10, -25/104 HPs)
             Began as a Yellow Draconian Berserker on Mar 27, 2022.
             Was the Champion of Trog.
             Killed from afar by Sigmund (39 damage)
             ... with a lance of force
             ... in the Dungeon (Sprint III: "The Ten Rune Challenge").
             The game lasted 00:03:42 (1528 turns).

mhtbhm the Impaler (Yellow Draconian Berserker)     Turns: 1528, Time: 00:03:43

Health: -25/104    AC:  7    Str: 24    XL:     10   Next: 7%
Magic:  10/10      EV: 16    Int:  5    God:    Trog [******]
Gold:   1744       SH:  0    Dex: 11    Spells: 9/9 levels left

rFire   . . .      SeeInvis .   a - +3 glaive (flame)
rCold   . . .      Faith    .   (shield currently unavailable)
rNeg    . . .      Spirit   .   (body armour unavailable)
rPois   .          Reflect  .   (helmet restricted)
rElec   .          Harm     .   (no cloak)
rCorr   +          Rampage  .   (no gloves)
Will    .....      NoTele   +   (no boots)
Stlth   +.........              (no amulet)
HPRegen 0.27/turn               (no ring)
MPRegen 0.12/turn               (no ring)

@: confused, short of breath, on berserk cooldown, slowed, studying Polearms,
invisible, very slow
A: spit acid, AC +7, unfitting armour, cold-blooded, acid resistance, dopey 1
a: Breathe Acid, Renounce Religion, Berserk, Trog's Hand, Brothers in Arms


You were in the Dungeon.
You worshipped Trog.
Trog was exalted by your worship.
You visited 1 branch You collected 2864 gold pieces.
You spent 1120 gold pieces at shops.

Inventory:

Hand Weapons
 a - a +3 glaive of flaming (weapon)
Scrolls
 g - a scroll of blinking
 i - a scroll of torment {unknown}
 j - 3 scrolls of identify
 l - a scroll of immolation {unknown}
Potions
 d - a potion of haste
 e - 2 potions of magic
 f - 2 potions of berserk rage
 h - a potion of might
 k - 4 potions of flight
Miscellaneous
 n - a tin of tremorstones (inert)


   Skills:
 + Level 14.3 Fighting
 * Level 16.5 Polearms
 + Level 11.1 Dodging
 - Level 2.6 Stealth
 + Level 0.3 Evocations


You had 9 spell levels left.
You didn't know any spells.
Your spell library was empty.

Dungeon Overview and Level Annotations

Branches:
Dungeon (1/1)

Altars:
Cheibriados
Dithmenos
Elyvilon
Fedhas
Gozag
Hepliaklqana
Kikubaaqudgha
Makhleb
Nemelex Xobeh
Okawaru
Qazlal
Ru
Sif Muna
Trog
Uskayaw
Vehumet
Wu Jian
Xom
Yredelemnul
Zin
The Shining One
Beogh
Jiyva
Lugonu

Shops:
D :

Annotations:
D Sigmund


Innate Abilities, Weirdness & Mutations

You can spit globs of acid.
Your golden yellow scales are hard. (AC +7)
You cannot fit into any form of body armour.
You are cold-blooded and may be slowed by cold attacks.
You are resistant to acid. (rCorr)
You are dopey. (Int -2)


Message History

The tin is emptied!
Something barely misses you.
Unknown command.
Something hits you. Space warps around you.
* * * LOW HITPOINT WARNING * * *
Unknown command.
You feel much better. Something hits you! Space warps around you.
* * * LOW HITPOINT WARNING * * *
Something hits you.
* * * LOW HITPOINT WARNING * * *
You slash something! You burn something. Something barely misses you.
You closely miss something.
You have got your breath back.
Press: ? - help, Shift-Dir - straight line You spit a glob of acid.
Something hits you!
* * * LOW HITPOINT WARNING * * *
Space warps around you.
* * * LOW HITPOINT WARNING * * *
Unknown command.
Unknown command.
You feel much better.
You hear some strange, mumbled words.
You are confused.
Something hits you! Space warps around you.
Unknown command.
You feel better.
You hear some strange, mumbled words.
A bolt of fire appears from out of thin air!
The bolt of fire hits you!!
* * * LOW HITPOINT WARNING * * *
You slice something!! You burn something!
You hear some strange, mumbled words.
You are confused.
Unknown command.
Okay, then.
It was a potion of invisibility.
You fade into invisibility!
You hear some strange, mumbled words.
A lance of force appears from out of thin air!
The lance of force hits you!!!
You die...

.# ###.#.#
'#####################
....#.#.#.....#.^....+
#.#..#.##)###.#.....^#
##)#.#.##.#.)##.^^..^#
.))#..#..##..'......^#
▓▓▓▓▓▓▓▓▓▓▓▓▓#.....^.#
....)..≈≈≈...#.......#
≈≈≈≈≈≈≈≈≈♣♣P.'.^@...^#
♣♣♣♣♣♣♣♣♣♣♣PP#^{.....#
♣♣♣##'###### #.).+
#...# #...# #####


There were no monsters in sight!

Vanquished Creatures
  Erolcha (D)
  A deep elf pyromancer (D)
  Edmund (D)
  3 wandering mushrooms (D)
  A shadow (D)
  2 redbacks (D)
  A spatial vortex (D)
  2 orc warriors (D)
  5 two-headed ogres (D)
  A necrophage (D)
  A water elemental (D)
  A jelly (D)
  3 orc priests (D)
  A wizard (D)
  A necromancer (D)
  3 orc wizards (D)
  3 humans (D)
  A kobold demonologist (D)
  A phantom (D)
  10 orcs (D)
  2 endoplasms (D)
  2 rats (D)
47 creatures vanquished.

Notes
Turn   | Place    | Note
-------+----------+-------------------------------------------
     0 | D        | mhtbhm the Draconian Berserker began the quest for the Orb.
     0 | D        | Reached XP level 1. HP: 19/19 MP: 1/1
    27 | D        | Reached ** piety under Trog
   144 | D        | Reached XP level 2. HP: 26/27 MP: 2/2
   151 | D        | Reached skill level 4 in Polearms
   221 | D        | Gained mutation: You occasionally shout uncontrollably at
                  | your foes. [potion of mutation]
   221 | D        | Gained mutation: You are weak. (Str -2) [potion of
                  | mutation]
   221 | D        | Lost mutation: You are weak. (Str -2) [potion of mutation]
   241 | D        | Lost mutation: You occasionally shout uncontrollably at
                  | your foes. [potion of mutation]
   241 | D        | Gained mutation: You are frail. (-10% HP) [potion of
                  | mutation]
   241 | D        | Gained mutation: Your system is resistant to poisons.
                  | (rPois) [potion of mutation]
   244 | D        | Lost mutation: Your system is resistant to poisons. (rPois)
                  | [potion of mutation]
   244 | D        | Lost mutation: You are frail. (-10% HP) [potion of
                  | mutation]
   244 | D        | Gained mutation: Your muscles are strong. (Str +2) [potion
                  | of mutation]
   244 | D        | Gained mutation: Your spells are a little harder to cast,
                  | but a little more powerful. [potion of mutation]
   248 | D        | Lost mutation: Your muscles are strong. (Str +2) [potion of
                  | mutation]
   248 | D        | Lost mutation: Your spells are a little harder to cast, but
                  | a little more powerful. [potion of mutation]
   248 | D        | Gained mutation: You are dopey. (Int -2) [potion of
                  | mutation]
   275 | D        | Noticed a water elemental
   280 | D        | Killed a water elemental
   281 | D        | Reached skill level 5 in Polearms
   281 | D        | Reached skill level 5 in Dodging
   281 | D        | Reached XP level 3. HP: 36/37 MP: 3/3
   281 | D        | Reached XP level 4. HP: 43/44 MP: 4/4
   389 | D        | Found a basalt altar of Yredelemnul.
   389 | D        | Found a shadowy altar of Dithmenos.
   389 | D        | Found a sacrificial altar of Ru.
   389 | D        | Noticed a necrophage
   392 | D        | Killed a necrophage
   392 | D        | Reached *** piety under Trog
   393 | D        | Reached skill level 6 in Polearms
   393 | D        | Reached XP level 5. HP: 52/52 MP: 5/5
   397 | D        | Reached skill level 7 in Polearms
   445 | D        | Found a glowing silver altar of Zin.
   445 | D        | Found a glowing golden altar of the Shining One.
   445 | D        | Found a white marble altar of Elyvilon.
   446 | D        | Noticed a deep elf pyromancer
   455 | D        | Killed a deep elf pyromancer
   455 | D        | Reached **** piety under Trog
   456 | D        | Reached skill level 10 in Fighting
   456 | D        | Reached skill level 10 in Polearms
   456 | D        | Reached skill level 1 in Stealth
   456 | D        | Reached XP level 6. HP: 38/66 MP: 6/6
   456 | D        | Your scales start taking on a golden yellow colour.
   456 | D        | Reached XP level 7. HP: 41/72 MP: 7/7
   456 | D        | Gained mutation: You are resistant to acid. (rCorr) [Yellow
                  | Draconian growth]
   653 | D        | Found a hide-covered altar of Uskayaw.
   653 | D        | Found an iron altar of Okawaru.
   653 | D        | Found a bloodstained altar of Trog.
   653 | D        | Found an ornate altar of the Wu Jian Council.
   653 | D        | Noticed a human
   655 | D        | Noticed a human
   659 | D        | Killed a human
   662 | D        | Killed a human
   663 | D        | Reached skill level 11 in Polearms
   712 | D        | Found a radiant altar of Vehumet.
   712 | D        | Found a shimmering blue altar of Sif Muna.
   712 | D        | Found an ancient bone altar of Kikubaaqudgha.
   764 | D        | Noticed a shadow
   769 | D        | Killed a shadow
   769 | D        | Reached ***** piety under Trog
   770 | D        | Reached XP level 8. HP: 82/82 MP: 8/8
   813 | D        | Found a blossoming altar of Fedhas.
   813 | D        | Found a stormy altar of Qazlal.
   813 | D        | Found a snail-covered altar of Cheibriados.
   813 | D        | Found a burning altar of Makhleb.
   813 | D        | Found a shimmering altar of Xom.
   814 | D        | Found a hazy altar of Hepliaklqana.
   814 | D        | Found an opulent altar of Gozag.
   814 | D        | Found a sparkling altar of Nemelex Xobeh.
   814 | D        | Found a corrupted altar of Lugonu.
   814 | D        | Found a viscous altar of Jiyva.
   892 | D        | Reached skill level 12 in Polearms
   895 | D        | Received a gift from Trog
   955 | D        | Noticed a two-headed ogre
   961 | D        | Killed a two-headed ogre
   962 | D        | Reached skill level 10 in Dodging
  1046 | D        | Noticed a two-headed ogre
  1046 | D        | Noticed Erolcha
  1051 | D        | Killed Erolcha
  1052 | D        | Reached skill level 13 in Polearms
  1052 | D        | Reached XP level 9. HP: 93/93 MP: 9/9
  1055 | D        | Killed a two-headed ogre
  1056 | D        | Reached skill level 14 in Polearms
  1209 | D        | Noticed a wandering mushroom
  1214 | D        | Noticed a wandering mushroom
  1221 | D        | Killed a wandering mushroom
  1222 | D        | Noticed a wandering mushroom
  1227 | D        | Killed a wandering mushroom
  1227 | D        | Received a gift from Trog
  1228 | D        | Reached skill level 15 in Polearms
  1234 | D        | Killed a wandering mushroom
  1282 | D        | Received a gift from Trog
  1282 | D        | Reached ****** piety under Trog
  1288 | D        | Received a gift from Trog
  1331 | D        | Found Camaogh's Book Shoppe.
  1401 | D        | Bought a manual of Polearms for 1120 gold pieces
  1501 | D        | Noticed Sigmund
  1501 | D        | Noticed Edmund
  1513 | D        | Killed Edmund
  1514 | D        | Reached skill level 16 in Polearms
  1514 | D        | Reached XP level 10. HP: 91/104 MP: 10/10
  1528 | D        | Killed from afar by Sigmund

Illustrated notes

Levels and vault maps discovered:
D:        dungeon_sprint_mu [sprint_mu_entry_cave, sprint_mu_temple_rooms,
          sprint_mu_d1_spiders, sprint_mu_d2_genie, sprint_mu_d3_branching,
          sprint_mu_orc_legion, sprint_mu_elf_gauntlet, sprint_mu_hive_nellie,
          sprint_mu_lair_fedhas, sprint_mu_vaults_butterflies,
          sprint_mu_slime_circle, sprint_mu_shoals_archi,
          sprint_mu_snake_twists, sprint_mu_blade_basic, sprint_mu_crypt_lich,
          sprint_mu_tomb_spiral, sprint_mu_vestibule_basic,
          sprint_mu_gehenna_hellfire, sprint_mu_dis_giant,
          sprint_mu_tartarus_statrot, sprint_mu_cocytus_islands, sprint_mu_zot1]

Skill      XL: |  1  2  3  4  5  6  7  8  9 |
---------------+----------------------------+-----
Dodging        | 3 5 8 9 10 11 | 11.1
Fighting       | 4 6 7 10 11 13 14 | 14.3
Polearms       | 5 6 10 11 13 16 | 16.5
Stealth        | 1 2 |  2.6
Evocations     | |  0.3

Action                   |  1- 3 |  4- 6 |  7- 9 | 10-12 || total
-------------------------+-------+-------+-------+-------++-------
Melee: Spear             |    25 |    14 |    47 |       ||    86
       Tailslap          |     2 |     1 |     8 |       ||    11
       Glaive            |       |       |    49 |     5 ||    54
Invok: Berserk           |     2 |     2 |     6 |       ||    10
 Abil: Breathe Acid      |       |       |     7 |     1 ||     8
Evoke: Tin of tremorston |       |       |     2 |     1 ||     3
  Use: Potion            |     4 |       |       |     4 ||     8
Armor: Skin              |     4 |       |     8 |       ||    12
Dodge: Dodged            |     3 |     2 |    20 |     2 ||    27

Table legend: (Time is in decaauts)
 A = Elapsed time spent in this place.
 B = Non-inter-level travel time spent in this place.
 C = Inter-level travel time spent in this place.
 D = Time resting spent in this place.
 E = Time spent auto-exploring this place.
 F = Levels seen in this place.
 G = Mean time per level.
                   A        B        C        D        E       F      G
               +--------+--------+--------+--------+--------+-----+--------+
         Total |   1590 |   1590 |      0 |   1074 |     32 |   1 | 1590.0 |
       Dungeon |   1590 |   1590 |      0 |   1074 |     32 |   1 | 1590.0 |
               +--------+--------+--------+--------+--------+-----+--------+

Top non-repeatable levels by time:
       D: 1590 daAuts
